 Dungeon Crawl Stone Soup version 0.30-a0-702-gdf48620a09 (webtiles) character file.

Game seed: 1398468788313248242

708057 wormed the Ruinous (level 27, -3/188 (204) HPs)
             Began as a Demonspawn Fire Elementalist on Jan 21, 2023.
             Was the Champion of Vehumet.
             Slain by a bone dragon (9 damage)
             ... called by a doom hound
             ... while petrified by an ancient lich
             ... on level 6 of Tartarus.
             The game lasted 03:12:18 (89956 turns).

wormed the Ruinous (Demonspawn Fire Elementalist)  Turns: 89956, Time: 03:12:18

HP:   -3/188 (204)  AC: 12    Str:  5 (7)  XL:     27
MP:   34/58         EV:  2    Int: 47 (48) God:    Vehumet [******]
Gold: 6688          SH:  0    Dex: 15 (16) Spells: 10/60 levels left

rFire   + + .      SeeInvis +    V - staff of conjuration
rCold   . . .      Faith    .    B - +0 buckler of Erchoos {rPois rF+ rC- Int+5}
rNeg    + + +      Spirit   .    t - +5 robe of Night {Dark Will+ SInv}
rPois   ∞          Reflect  .    U - +3 hat of Pondering {ponderous, Will+ MP+10 Int+5}
rElec   +          Harm     .    (cloak unavailable)
rCorr   .          Rampage  .    y - +0 pair of gloves "Bijaig" {Int+4}
Will    ++...                    g - +2 pair of slick slippers {slick, slippery, EV+5}
Stlth   ++++++                   l - amulet of Moodiness {Fragile Fly Regen+ Int+6}
HPRegen 1.31/turn                p - ring of Xetan {rElec rF+ MP+9}
MPRegen 0.36/turn                z - ring "Zogossuy" {rC+ rN+ EV+5}

@: petrified, flying, slowed, studying Ranged Weapons, drained, weak-willed,
slow
A: large bone plates 3, foul stench 3, powered by death 3, augmentation 3,
weakness stinger 3, deformed body, low MP 1, weak 1, inability to read after
injury 1
}: 5/15 runes: serpentine, barnacled, slimy, silver, abyssal
a: Renounce Religion


You were on level 6 of Tartarus.
You worshipped Vehumet.
Vehumet was exalted by your worship.
You visited 14 branches of the dungeon, and saw 62 of its levels.
You visited the Abyss 2 times.
You also visited: Trove.

You collected 11218 gold pieces.
You spent 4530 gold pieces at shops.

Inventory:

Missiles
 G - 10 silver javelins
 N - 7 throwing nets (quivered)
Armour
 g - the +2 pair of slick slippers (worn) {slick, slippery, EV+5}
   (You bought it in a shop on level 2 of the Orcish Mines)

   Slick:     Its wearer cannot be constricted, engulfed, netted or webbed.
   Slippery:  It slips away from damaging melee attacks, pulling the attacker
   onward.
   EV:        It affects your evasion (+5).
 q - the +2 pair of gloves of the Chupacabra {rElec rN++}
   (You found it in a treasure trove)

   rElec:     It insulates you from electricity.
   rN:        It greatly protects you from negative energy.
 t - the +5 robe of Night (worn) {Dark Will+ SInv}
   (You took it off a deep elf death mage on level 5 of the Vaults)

   Dark:      It shrouds the wearer in darkness, reducing the range at which
   they can see and be seen by others.
   SInv:      It lets you see invisible.
   Will:      It increases your willpower.
 y - the +0 pair of gloves "Bijaig" (worn) {Int+4}
   (You found it in a treasure trove)

   Int:       It affects your intelligence (+4).
 B - the +0 buckler of Erchoos (worn) {rPois rF+ rC- Int+5}
   (You acquired it on level 8 of the Dungeon)

   Int:       It affects your intelligence (+5).
   rF:        It protects you from fire.
   rC:        It makes you vulnerable to cold.
   rPois:     It protects you from poison.
 U - the +3 hat of Pondering (worn) {ponderous, Will+ MP+10 Int+5}
   (You took it off Gastronok on level 11 of the Dungeon)

   Int:       It affects your intelligence (+5).
   MP:        It affects your magic capacity (+10).
   Will:      It increases your willpower.
Magical Staves
 V - a staff of conjuration (weapon)
Jewellery
 a - the amulet of the Keeping Gods {Reflect MP+9 Int+3 SH+5 SInv}
   (You found it on level 3 of the Dungeon)

   [amulet of reflection]

   It reflects blocked missile attacks.
   Int:       It affects your intelligence (+3).
   MP:        It affects your magic capacity (+9).
   SInv:      It lets you see invisible.
   SH:        It affects your SH (+5).
 b - a ring of willpower
 l - the amulet of Moodiness (around neck) {Fragile Fly Regen+ Int+6}
   (You took it off a tengu reaver on level 5 of the Vaults)

   [amulet of regeneration]

   Int:       It affects your intelligence (+6).
   Fly:       It grants you flight.
   Regen:     It increases your rate of health regeneration.
   Fragile:   It will be destroyed if unequipped.
 n - a +6 ring of intelligence
 o - a ring of protection from fire
 p - the ring of Xetan (left hand) {rElec rF+ MP+9}
   (You took it off a yaktaur on level 5 of the Vaults)

   [ring of magical power]

   rF:        It protects you from fire.
   rElec:     It insulates you from electricity.
   MP:        It affects your magic capacity (+9).
 z - the ring "Zogossuy" (right hand) {rC+ rN+ EV+5}
   (You bought it in a shop on level 4 of the Snake Pit)

   [ring of evasion]

   EV:        It affects your evasion (+5).
   rC:        It protects you from cold.
   rN:        It protects you from negative energy.
 E - the ring of Xiakk {rElec rN+ Will+ Str+2}
   (You found it on level 3 of the Crypt)

   [ring of positive energy]

   Str:       It affects your strength (+2).
   rElec:     It insulates you from electricity.
   rN:        It protects you from negative energy.
   Will:      It increases your willpower.
 F - the ring "Ahoif" {rPois rN+ Will+ Stlth+}
   (You found it on level 3 of the Crypt)

   [ring of positive energy]

   rPois:     It protects you from poison.
   rN:        It protects you from negative energy.
   Will:      It increases your willpower.
   Stlth:     It makes you more stealthy.
 Q - a +5 ring of evasion
Wands
 k - a wand of digging (1)
Scrolls
 e - 4 scrolls of amnesia
 h - 10 scrolls of blinking
 i - 2 scrolls of poison
 m - 6 scrolls of silence
 x - 16 scrolls of teleportation
 A - 8 scrolls of enchant armour
 C - 9 scrolls of butterflies
 D - 13 scrolls of vulnerability
 H - 11 scrolls of fog
 J - 11 scrolls of magic mapping
 K - 2 scrolls of brand weapon
 M - 7 scrolls of enchant weapon
 W - 5 scrolls of fear
 Y - 7 scrolls of immolation
Potions
 c - 5 potions of berserk rage
 d - 7 potions of lignification
 f - 31 potions of curing
 j - 5 potions of flight
 r - 4 potions of ambrosia
 s - 12 potions of haste
 u - 6 potions of heal wounds
 v - 9 potions of mutation
 w - 8 potions of might
 L - 5 potions of resistance
 O - 9 potions of cancellation
 P - 12 potions of attraction
 S - 6 potions of brilliance


   Skills:
 - Level 14.0 Fighting
 - Level 17.0 Dodging
 - Level 17.0 Stealth
 - Level 5.0 Shields
 - Level 17.0 Spellcasting
 - Level 24.7 Conjurations
 + Level 11.5 Necromancy
 + Level 9.7 Transmutations
 - Level 17.0 Fire Magic
 - Level 17.0 Air Magic
 - Level 17.0 Earth Magic


You had 10 spell levels left.
You knew the following spells:

 Your Spells              Type           Power      Damage    Failure   Level
a - Chain Lightning       Conj/Air       75%        3d100     3%          9
b - Fire Storm            Conj/Fire      75%        8d19      3%          9
c - Iron Shot             Conj/Erth      75%        9d14      0%          6
d - Lehudib's Crystal Sp  Conj/Erth      75%        10d17     1%          8
g - Ignition              Fire           58%        3d16      1%          8
k - Blink                 Tloc           78%        N/A       1%          2
n - Necromutation         Tmut/Necr      48%        N/A       50%         8

Your spell library contained the following spells:

 Spells                   Type           Power      Damage    Failure   Level
 Beastly Appendage        Tmut           100%       N/A       0%          1
 Foxfire                  Conj/Fire      100%       2x1d9     0%          1
 Kiss of Death            Conj/Necr      100%       2d13      0%          1
 Magic Dart               Conj           100%       1d8       0%          1
 Necrotise                Necr           100%       1d9       0%          1
 Shock                    Conj/Air       100%       1d9       0%          1
 Momentum Strike          Conj/Tloc      100%       3d10      0%          2
 Passwall                 Tmut/Erth      87%        N/A       0%          2
 Scorch                   Fire           100%       2d10      0%          2
 Searing Ray              Conj           100%       2d8       0%          2
 Static Discharge         Conj/Air       100%       2-7/arc   0%          2
 Sublimation of Blood     Necr           99%        N/A       0%          2
 Dazzling Flash           Conj/Hex       100%       N/A       0%          3
 Kindle Blastsparks       Fire/Tloc/Air  100%       2d18      0%          3
 Mephitic Cloud           Conj/Pois/Air  100%       N/A       0%          3
 Stone Arrow              Conj/Erth      100%       3d13      0%          3
 Swiftness                Air            100%       N/A       0%          3
 Flame Wave               Conj/Fire      100%       2d21      0%          4
 Arcjolt                  Conj/Air       75%        1d85      0%          5
 Fireball                 Conj/Fire      75%        3d28      0%          5
 Irradiate                Conj/Tmut      70%        3d35      0%          5
 Iskenderun's Battlesphe  Conj           100%       2d15      0%          5
 Lee's Rapid Deconstruct  Erth           58%        3d27*     0%          5
 Conjure Ball Lightning   Conj/Air       75%        3x3d28    0%          6
 Starburst                Conj/Fire      75%        6d19      0%          6
 Orb of Destruction       Conj           79%        9d18      0%          7
 Apportation              Tloc           78%        N/A       1%          1
 Slow                     Hex            100%       N/A       1%          1
 Sting                    Tmut/Pois      100%       1d8       1%          1
 Summon Small Mammal      Summ           100%       N/A       1%          1
 Cigotuvi's Dreadful Rot  Necr/Pois/Air  100%       N/A       1%          2
 Ensorcelled Hibernation  Hex/Ice        78%        N/A       1%          2
 Lesser Beckoning         Tloc           78%        N/A       1%          2
 Poisonous Vapours        Pois/Air       100%       N/A       1%          2
 Wereblood                Tmut           93%        N/A       1%          2
 Confusing Touch          Hex            39%        N/A       1%          3
 Gell's Gravitas          Tloc           39%        N/A       1%          3
 Ignite Poison            Fire/Tmut/Pois 89%        N/A       1%          3
 Inner Flame              Hex/Fire       88%        N/A       1%          3
 Ozocubu's Armour         Ice            39%        N/A       1%          3
 Portal Projectile        Hex/Tloc       78%        N/A       1%          3
 Spider Form              Tmut/Pois      72%        N/A       1%          3
 Teleport Other           Tloc           39%        N/A       1%          3
 Tukima's Dance           Hex            39%        N/A       1%          3
 Vampiric Draining        Necr           99%        2d13      1%          3
 Vhi's Electric Charge    Tloc/Air       100%       N/A       1%          3
 Anguish                  Hex/Necr       38%        N/A       1%          4
 Animate Armour           Summ/Erth      100%       N/A       1%          4
 Dispel Undead            Necr           99%        3d31      1%          4
 Fulminant Prism          Conj/Hex       62%        3d26      1%          4
 Iskenderun's Mystic Bla  Conj/Tloc      100%       2d19      1%          4
 Leda's Liquefaction      Hex/Erth       44%        N/A       1%          4
 Olgreb's Toxic Radiance  Pois           39%        N/A       1%          4
 Petrify                  Tmut/Erth      100%       N/A       1%          4
 Summon Lightning Spire   Summ/Air       88%        N/A       1%          4
 Agony                    Necr           99%        N/A       1%          5
 Blade Hands              Tmut           46%        N/A       1%          5
 Freezing Cloud           Conj/Ice/Air   65%        6-21      1%          5
 Silence                  Hex/Air        44%        N/A       1%          5
 Death Channel            Necr           49%        N/A       1%          6
 Statue Form              Tmut/Erth      70%        N/A       1%          6
 Spellforged Servitor     Conj/Summ      62%        N/A       1%          7
 Maxwell's Capacitive Co  Air            58%        ∞         1%          8
 Alistair's Intoxication  Tmut/Pois      48%        N/A       2%          5
 Storm Form               Tmut/Air       52%        N/A       2%          7
 Eringya's Noxious Bog    Tmut/Pois      36%        N/A       4%          6
 Cause Fear               Hex            19%        N/A       7%          4
 Summon Ice Beast         Ice/Summ       39%        N/A       7%          4
 Simulacrum               Ice/Necr       38%        N/A       10%         6
 Dragon Form              Tmut           46%        N/A       11%         7
 Shatter                  Erth           58%        3d43*     17%         9
 Metabolic Englaciation   Hex/Ice        19%        N/A       19%         5
 Summon Mana Viper        Hex/Summ       39%        N/A       19%         5
 Borgnjor's Revivificati  Necr           49%        N/A       36%         8
 Dispersal                Tloc           19%        N/A       71%         6
 Summon Cactus Giant      Summ           19%        N/A       71%         6
 Ozocubu's Refrigeration  Ice            19%        4d11      78%         7
 Malign Gateway           Summ/Tloc      19%        N/A       99%         7
 Monstrous Menagerie      Summ           19%        N/A       99%         7
 Death's Door             Necr           49%        N/A       99%         9
 Discord                  Hex            19%        N/A       100%        8
 Disjunction              Tloc           19%        N/A       100%        8
 Dragon's Call            Summ           19%        N/A       100%        9
 Polar Vortex             Ice            19%        N/A       100%        9


Dungeon Overview and Level Annotations

Branches:
Dungeon (15/15)            Temple (1/1) D:5            Lair (5/5) D:10
 Shoals (4/4) Lair:2        Snake (4/4) Lair:2        Slime (5/5) Lair:4
    Orc (2/2) D:12            Elf (3/3) Orc:2        Vaults (5/5) D:13
  Crypt (3/3) Vaults:2       Tomb (0/3) Crypt:3      Depths (4/4) D:15
   Hell (visited)             Dis (0/7) Hell            Geh (0/7) Hell
    Coc (0/7) Hell            Tar (4/7) Hell            Zot (5/5) Depths:4

Altars:
Ashenzari
Cheibriados
Dithmenos
Fedhas
Gozag
Hepliaklqana
Kikubaaqudgha
Makhleb
Nemelex Xobeh
Okawaru
Qazlal
Ru
Sif Muna
Trog
Uskayaw
Vehumet
Wu Jian
Xom
Yredelemnul
Jiyva
Lugonu

Shops:
D:4 (   D:9 *   D:10 :   Orc:2 (:[*   Elf:1 (   Elf:3 *[*   Shoals:1 =
Shoals:2 [   Shoals:3 (   Snake:2 ?   Snake:4 =   Vaults:1 =   Vaults:5 ?
Zot:1 *   Depths:2 !=(([:

Portals:
Hell: Depths:1 Depths:2 Depths:3 Depths:4
Abyss: Lair:5 Depths:3
Pandemonium: Depths:2
Ziggurat: Depths:1


Innate Abilities, Weirdness & Mutations

You are completely covered in large bone plates. (SH +8)
You frequently emit foul miasma when damaged in melee.
You regenerate a lot of health from kills.
Your magical and physical power is greatly enhanced at high health.
You have a sharp stinger which inflicts weakening toxins.
Armour fits poorly on your strangely shaped body.
Your magical capacity is low. (-10% MP)
You are weak. (Str -2)
You occasionally lose the ability to read scrolls when taking damage.


Message History

The Tzitzimitl engulfs you. The Tzitzimitl drains your vigour!
You feel yourself slow down. The Tzitzimitl bites you!!
You emit a cloud of foul miasma!
The putrid mouth bites you!! The putrid mouth claws you.
The bone dragon bites you!
You emit a cloud of foul miasma!
The bone dragon claws you.
The bone dragon tramples you but does no damage.
The reaper hits you with a +0 scythe of venom!
* * * LOW HITPOINT WARNING * * *
You emit a cloud of foul miasma!
The bone dragon bites you!!
* * * LOW HITPOINT WARNING * * *
The bone dragon claws you but does no damage.
The bone dragon tramples you.
* * * LOW HITPOINT WARNING * * *
The Tzitzimitl engulfs you!
* * * LOW HITPOINT WARNING * * *
The Tzitzimitl drains your vigour!
You feel as though you will be slow longer.
The Tzitzimitl bites you but does no damage.
The putrid mouth bites you!!
* * * LOW HITPOINT WARNING * * *
The putrid mouth claws you.
* * * LOW HITPOINT WARNING * * *
You feel clumsy.
The bone dragon bites you but does no damage.
The bone dragon claws you!
* * * LOW HITPOINT WARNING * * *
The bone dragon tramples you!
* * * LOW HITPOINT WARNING * * *
The reaper hits you with a +0 scythe of venom!
* * * LOW HITPOINT WARNING * * *
The bone dragon bites you!
* * * LOW HITPOINT WARNING * * *
The bone dragon claws you.
* * * LOW HITPOINT WARNING * * *
The bone dragon tramples you but does no damage.
The Tzitzimitl engulfs you but does no damage.
The Tzitzimitl bites you!
* * * LOW HITPOINT WARNING * * *
The bone dragon bites you!!
You die...

#..#.#..#
.L......#
........#
........#
........# ..
#.#### #.#2D..#
#L1@#.##
#.hD#.#
....W.#.#
.°#....
..#.....#
#.....#
..#...#.#
..(...#
.......#
#....#####.vv..
..............#
.1.....##


vv.v. You could see 2 bone dragons, a doom hound, an ancient lich, a Tzitzimitl,
a reaper and a putrid mouth.

Vanquished Creatures
  the Royal Jelly (Slime:5)
  Dissolution (Slime:3)
  5 dread liches (Zot:5)
  4 ancient liches
  9 orbs of fire
  A royal mummy (Crypt:3)
  Josephina (Crypt:2)
  The ghost of Roplacol the Impregnable, a master GrFi of Ashenzari (Depths:2)
  Saint Roka (Vaults:5)
  Frederick (Crypt:3)
  Boris (Depths:4)
  The ghost of Hynwimna the Slayer, a veteran MiGl of Okawaru (Elf:1)
  4 Killer Klowns
  Geryon (Hell)
  2 curse toes
  11 golden dragons
  6 bone dragons
  2 profane servitors
  5 electric golems
  A hellephant (Hell)
  3 Tzitzimimeh
  2 spectral shard shrikes
  12 doom hounds
  3 tainted leviathans
  25 Orb Guardians (Zot:5)
  17 tentacled monstrosities
  Mlioglotl (Snake:3)
  3 deep elf blademasters
  7 titans (Vaults:5)
  An Executioner (Abyss:4)
  7 quicksilver dragons
  6 tentacled starspawn
  2 deep elf master archers (Elf:3)
  8 death cobs
  Polyphemus (Shoals:3)
  Gastronok (D:11)
  12 sphinxes
  Kirke (D:12)
  9 krakens
  9 ancient champions
  19 acid blobs
  Donald (Shoals:3)
  9 tengu reavers
  5 draconian knights
  8 shadow dragons
  19 storm dragons
  Roxanne (Snake:3)
  3 revenants
  3 iron dragons (Vaults:5)
  11 draconian monks
  11 rockslimes
  12 azure jellies
  12 nagarajas
  18 vault wardens
  6 fire giants
  10 frost giants
  2 balrugs
  Aizul (Elf:3)
  8 deep elf sorcerers
  4 draconian scorchers
  5 ghost moths
  3 orc warlords
  3 draconian stormcallers
  2 spectral caustic shrikes
  2 draconian shifters
  3 curse skulls
  5 ghouls
  16 ironbound preservers
  3 reapers
  A cacodemon (Abyss:4)
  4 war gargoyles
  17 very ugly things
  A juggernaut skeleton (Depths:2)
  14 quicksilver oozes
  6 draconian annihilators
  15 black draconians
  11 stone giants
  5 vampire knights
  Nessos (D:12)
  12 green draconians
  2 putrid mouths
  7 red draconians
  4 ironbound thunderhulks
  9 deep elf demonologists
  The ghost of wormed the Covert, a journeyman DsFE of Vehumet (Lair:4)
  5 dire elephants
  11 yellow draconians
  11 purple draconians
  A lorocyproca (Hell)
  6 deep elf annihilators
  12 white draconians
  9 spark wasps
  A spark wasp (shapeshifter) (Vaults:5)
  4 eidola
  A spectral quicksilver dragon (Tar:3)
  Snorg (D:13)
  8 ettins
  2 iron golems (Hell)
  A blizzard demon (Abyss:3)
  2 crystal guardians (Vaults:4)
  12 merfolk impalers
  A quicksilver dragon zombie (Depths:2)
  3 jiangshi (Crypt:1)
  3 deep elf high priests
  8 merfolk javelineers
  4 deep elf death magi
  4 mummy priests (Crypt:3)
  10 fire dragons
  18 yaktaur captains
  18 great orbs of eyes
  A fenstrider witch zombie (Crypt:1)
  5 rakshasas
  2 spectral spriggans
  5 peacekeepers
  43 vault guards
  5 hydras
  6 ice dragons
  6 merfolk aquamancers
  4 salamander tyrants (Snake:4)
  The ghost of wormed the Destroyer, a journeyman DsFE of Jiyva (Lair:1)
  8 anacondas
  7 merfolk avatars
  A hydra (shapeshifter) (Lair:5)
  4 boulder beetles
  5 ogre magi
  3 catoblepae
  An anaconda (shapeshifter) (Vaults:5)
  A bennu zombie (Crypt:1)
  A spectral stone giant (Tar:3)
  4 spriggan air magi
  4 two-headed ogres
  2 alligators (Lair:4)
  A fenstrider witch skeleton (Crypt:1)
  A spectral human (Tar:2)
  An alligator snapping turtle (Shoals:2)
  4 satyrs
  17 centaur warriors
  11 ironbound frosthearts
  46 dancing weapons
  3 death knights
  A spriggan skeleton (Crypt:3)
  4 death yaks
  2 spectral nagas (Tar:1)
  24 naga warriors
  A tengu warrior (D:14)
  A deep troll shaman (Depths:3)
  An orc high priest (Orc:2)
  8 shock serpents
  6 vampire magi
  6 deep troll earth magi
  12 naga sharpshooters
  3 thrashing horrors (Lair:5)
  5 soul eaters
  A spectral dire elephant (Tar:2)
  2 spriggan berserkers
  5 sun demons (Hell)
  A storm dragon zombie (Crypt:2)
  Nergalle (D:11)
  A titan skeleton (Depths:2)
  The ghost of bande the Cleaver, a novice GrFi of Okawaru (D:9)
  4 wretched stars (Abyss:4)
  Sonja (D:12)
  16 deep elf knights
  10 hell knights
  2 shadow wraiths
  7 iron trolls
  7 salamander mystics
  A sixfirhy (Abyss:3)
  34 skeletal warriors
  17 sea snakes
  A spectral anaconda (Tar:1)
  A spriggan simulacrum (Crypt:2)
  45 deep trolls
  13 lindwurms
  6 naga ritualists
  A spark wasp zombie (Crypt:3)
  A spectral hydra (Tar:2)
  10 wizards
  22 phantasmal warriors
  2 glowing orange brains
  9 necromancers
  A golden dragon skeleton (Crypt:1)
  2 swamp dragons (Lair:4)
  An anaconda skeleton (Hell)
  6 orc knights
  5 flayed ghosts
  17 deep elf archers
  19 ironbound convokers
  10 bog bodies
  27 deep elf zephyrmancers
  A harpy (shapeshifter) (D:14)
  32 deep elf pyromancers
  32 harpies
  2 orc sorcerers (Orc:2)
  6 shining eyes
  17 fauns
  A frost giant zombie (Crypt:1)
  4 mana vipers
  5 cyclopes
  23 salamanders
  A wolf spider (Lair:2)
  12 manticores
  A wolf spider zombie (Crypt:3)
  A spectral ettin (Tar:3)
  38 ugly things
  10 merfolk sirens
  8 guardian serpents
  17 vault sentinels
  9 water nymphs
  11 elephants
  An elephant (shapeshifter) (Depths:1)
  A torpor snail (Lair:3)
  An eye of devastation (Slime:2)
  A demonic crawler (Hell)
  23 moths of wrath
  9 smoke demons
  3 rust devils (Hell)
  28 black mambas
  An orange demon (Depths:2)
  A centaur skeleton (Crypt:3)
  An elephant slug zombie (Crypt:1)
  A cane toad (shapeshifter) (Depths:2)
  13 cane toads
  5 gargoyles
  28 naga magi
  Psyche (D:12)
  An unseen horror (shapeshifter) (Vaults:5)
  5 hellions
  A sea snake zombie (Hell)
  7 komodo dragons
  2 unseen horrors
  2 anaconda simulacra
  4 tormentors
  4 freezing wraiths
  An efreet (Abyss:4)
  7 ice devils (Hell)
  5 rime drakes
  6 ancient zymes
  43 yaktaurs
  28 guardian mummies (Crypt:3)
  2 hydra zombies (Hell)
  2 silent spectres
  A sea snake skeleton (Hell)
  5 spectral harpies
  8 trolls
  A tyrant leech (Lair:4)
  43 merfolk
  11 wind drakes
  2 hornets (Depths:3)
  3 red devils (Hell)
  A fire dragon zombie (Crypt:2)
  A shadow dragon simulacrum (Depths:2)
  34 blink frogs
  A mana viper skeleton (Crypt:2)
  8 raiju
  An alligator zombie (Crypt:2)
  A dream sheep (Lair:1)
  A hydra skeleton (Crypt:2)
  2 harpy skeletons
  13 snapping turtles
  105 slime creatures
  2 shadows
  3 air elementals
  9 flying skulls
  4 large abominations
  21 starcursed masses
  18 yaks
  A vampire (D:11)
  4 spriggans
  5 wraiths
  3 wyverns
  A ynoxinul (Lair:5)
  7 ushabtiu (Crypt:3)
  2 fire elementals (Elf:2)
  2 naga simulacra (Crypt:2)
  2 hogs (D:12)
  5 basilisks
  A human (Lair:1)
  A golden eye (Slime:4)
  15 water elementals
  5 chaos spawn
  Menkaure (D:6)
  2 neqoxecs
  A redback simulacrum (D:15)
  10 vampire mosquitoes
  A catoblepas simulacrum (Lair:4)
  A naga (shapeshifter) (Lair:5)
  55 nagas
  A harpy simulacrum (Crypt:1)
  5 wargs
  3 acid dragons
  3 swamp worms (Lair:4)
  A hell hound (Abyss:3)
  10 water moccasins
  Duvessa (D:5)
  A floating eye (Depths:3)
  2 hydra simulacra
  21 orc warriors
  A sky beast (D:7)
  2 black bears (D:6)
  2 ice beasts (D:7)
  A black mamba simulacrum (Lair:4)
  4 ogres
  A boggart (Depths:3)
  7 centaurs
  34 wolves
  An elf simulacrum (Vaults:3)
  A torpor snail zombie (Crypt:2)
  2 kobold brigands (D:7)
  A rime drake skeleton (Crypt:2)
  3 earth elementals
  15 bullfrogs
  15 small abominations
  2 cane toad simulacra (Lair:4)
  4 necrophages
  2 scorpions (D:6)
  8 wights
  9 killer bees
  Dowan (D:5)
  A queen bee zombie (Crypt:3)
  A yak zombie (Crypt:1)
  A dream sheep simulacrum (Lair:4)
  4 howler monkeys
  2 electric eels
  A crimson imp (Abyss:3)
  A centaur zombie (D:4)
  A komodo dragon simulacrum (Lair:4)
  3 human zombies
  An iron imp (Abyss:3)
  23 orc priests
  4 jellies
  A bullfrog skeleton (Crypt:2)
  A gnoll bouda (D:8)
  6 hounds
  Ijyb (D:5)
  3 iguanas
  25 orc wizards
  A hell rat (Lair:3)
  An acid dragon zombie (Crypt:3)
  9 mummies
  5 gnolls
  12 adders
  3 white imps
  3 ufetubi
  A jelly zombie (Crypt:3)
  An adder zombie (D:3)
  4 worms
  2 dart slugs
  56 orcs
  4 endoplasms
  3 giant cockroaches
  A gnoll zombie (Crypt:1)
  6 hobgoblins
  5 jackals
  12 kobolds
  A quokka (shapeshifter) (D:14)
  2 quokkas
  7 ball pythons
  A ball python zombie (D:3)
  8 bats
  A frilled lizard (D:2)
  A giant cockroach zombie (D:3)
  6 goblins
  2 jackal zombies (Crypt:2)
  3 rats
  2 fire vortices (Hell)
  2 starspawn tentacles (Abyss:4)
  16 tentacles
2565 creatures vanquished.

Vanquished Creatures (collateral kills)
  Mennas (Crypt:3)
  A Killer Klown (Zot:5)
  A golden dragon (Depths:2)
  A shadow dragon (Zot:2)
  A draconian knight (Zot:1)
  A draconian annihilator (Zot:4)
  A stone giant (Depths:4)
  A green draconian (Zot:4)
  A white draconian (Depths:4)
  2 purple draconians (Zot:1)
  A yellow draconian (Zot:2)
  An eidolon (Crypt:1)
  A death knight (Crypt:1)
  An iron giant zombie (Crypt:2)
  A phantasmal warrior (Crypt:2)
  A spriggan simulacrum (Crypt:3)
  A necromancer (Depths:4)
  A moth of wrath (Zot:1)
  A guardian mummy (Crypt:3)
  A harpy skeleton (Crypt:3)
  An unseen horror skeleton (Crypt:3)
  A water elemental (Depths:3)
  A harpy simulacrum (Crypt:1)
  A floating eye (Depths:3)
  An ettin simulacrum (Crypt:3)
  A cyclops skeleton (Crypt:3)
  A queen bee zombie (Crypt:2)
  A yak zombie (Crypt:2)
  A boggart skeleton (Crypt:3)
  3 mummies (Crypt:3)
  2 ball pythons (Depths:1)
  2 foxfires (Lair:2)
37 creatures vanquished.

Vanquished Creatures (others)
  A deep elf zephyrmancer (Elf:2)
  A titan simulacrum (Crypt:2)
  A water elemental (Elf:2)
  2 humans (D:12)
  A kobold (D:7)
  433 fire vortices
  814 foxfires
  33 fungi
  118 plants
  8 starspawn tentacles
  59 tentacles
  25 withered plants (Crypt:3)
1496 creatures vanquished.

Grand Total: 4098 creatures vanquished

Notes
Turn   | Place    | Note
-------+----------+-------------------------------------------
     0 | D:1      | wormed the Demonspawn Fire Elementalist began the quest for
                  | the Orb.
     0 | D:1      | Reached XP level 1. HP: 13/13 MP: 3/3
    73 | D:1      | Found a faded altar of an unknown god.
   249 | D:1      | Gained mutation: You regenerate a little health from kills.
                  | [demonic ancestry]
   249 | D:1      | Reached XP level 2. HP: 20/20 MP: 1/5
   252 | D:1      | Learned a level 2 spell: Scorch
   924 | D:2      | Reached skill level 1 in Fighting
   924 | D:2      | Gained mutation: You are partially covered in large bone
                  | plates. (SH +4) [demonic ancestry]
   924 | D:2      | Reached XP level 3. HP: 22/26 MP: 1/6
  1003 | D:2      | Found a stormy altar of Qazlal.
  1487 | D:2      | Learned a level 3 spell: Inner Flame
  1526 | D:3      | Reached XP level 4. HP: 21/32 MP: 0/7
  1720 | D:3      | Reached skill level 2 in Conjurations
  2164 | D:3      | Identified the +0 leather armour of the Bespelling Gods
                  | {Will+}
  2363 | D:3      | Identified the amulet of the Keeping Gods {Reflect MP+9
                  | Int+3 SH+5 SInv}
  2371 | D:3      | Found a basalt altar of Yredelemnul.
  2919 | D:3      | Reached XP level 5. HP: 38/38 MP: 0/8
  3730 | D:4      | Found Fubrorak's Antique Weapon Shoppe.
  3861 | D:4      | Gained mutation: You are mostly covered in large bone
                  | plates. (SH +6) [demonic ancestry]
  3861 | D:4      | Reached XP level 6. HP: 44/44 MP: 10/10
  4534 | D:4      | Reached skill level 3 in Conjurations
  4636 | D:4      | Found an ancient bone altar of Kikubaaqudgha.
  4643 | D:4      | Gained mutation: You have a small tail. [demonic ancestry]
  4643 | D:4      | Reached XP level 7. HP: 48/51 MP: 8/11
  5050 | D:5      | Entered Level 5 of the Dungeon
  5095 | D:5      | Identified the +0 mace "Qetus" {flame, rElec rCorr Int-2
                  | Dex+5}
  5200 | D:5      | Noticed Ijyb
  5205 | D:5      | Killed Ijyb
  5328 | D:5      | Found a staircase to the Ecumenical Temple.
  5399 | Temple   | Entered the Ecumenical Temple
  5483 | Temple   | Became a worshipper of Vehumet
  5981 | D:5      | Noticed Duvessa
  5983 | D:5      | Noticed Dowan
  5989 | D:5      | Killed Duvessa
  5994 | D:5      | Killed Dowan
  5995 | D:5      | Gained mutation: You have a tail ending in a sharp stinger.
                  | [demonic ancestry]
  5995 | D:5      | Reached XP level 8. HP: 45/59 MP: 8/13
  6350 | D:6      | Reached skill level 4 in Conjurations
  6412 | D:6      | Reached * piety under Vehumet
  6412 | D:6      | Offered knowledge of Shock by Vehumet.
  6627 | D:6      | Found a shimmering altar of Xom.
  6881 | D:6      | Found a burning altar of Makhleb.
  6915 | D:6      | Reached skill level 5 in Fire Magic
  6921 | D:6      | Noticed Menkaure
  6930 | D:6      | Killed Menkaure
  6931 | D:6      | Reached skill level 5 in Stealth
  6931 | D:6      | Gained mutation: You have a sharp stinger which inflicts
                  | weakening toxins. [demonic ancestry]
  6931 | D:6      | Reached XP level 9. HP: 47/66 MP: 5/16
  7386 | D:6      | Found a hide-covered altar of Uskayaw.
  7510 | D:7      | Found a stormy altar of Qazlal.
  7577 | D:7      | Reached skill level 5 in Conjurations
  7747 | D:7      | Reached skill level 5 in Spellcasting
  7779 | D:7      | Reached skill level 5 in Fighting
  7779 | D:7      | Reached skill level 5 in Dodging
  8057 | D:7      | Reached ** piety under Vehumet
  8057 | D:7      | Offered knowledge of Static Discharge by Vehumet.
  8759 | D:8      | Found an iron altar of Okawaru.
  8987 | D:8      | Identified a scroll of acquirement
  8987 | D:8      | Acquired the +0 buckler of Erchoos {rPois rF+ rC- Int+5}
  9005 | D:8      | Learned a level 4 spell: Flame Wave
  9022 | D:9      | Found Juopalir's General Store.
  9087 | D:9      | Reached XP level 10. HP: 68/76 MP: 18/18
  9180 | D:9      | Found a runed translucent door.
  9181 | D:9      | Found a shimmering altar of Xom.
  9181 | D:9      | Noticed bande's ghost (novice GrFi)
  9182 | D:9      | Noticed a +2 scimitar of chaos
  9462 | D:9      | Reached skill level 6 in Conjurations
  9578 | D:9      | Found a shadowy altar of Dithmenos.
  9582 | D:9      | Found a snail-covered altar of Cheibriados.
  9582 | D:9      | Found an opulent altar of Gozag.
  9590 | D:9      | Found a bloodstained altar of Trog.
  9720 | D:10     | Entered Level 10 of the Dungeon
  9724 | D:10     | Identified the +1 ring mail of Xuuzih {Int+2 Dex+3}
  9797 | D:10     | Noticed a gargoyle
  9803 | D:10     | Killed a gargoyle
  9804 | D:10     | Reached skill level 1 in Shields
  9873 | D:10     | Offered knowledge of Dazzling Flash by Vehumet.
  9942 | D:10     | Found a staircase to the Lair.
  9946 | D:10     | Noticed a gargoyle
  9957 | D:10     | Killed a gargoyle
  9965 | D:10     | Noticed a two-headed ogre
  9973 | D:10     | Killed a two-headed ogre
 10130 | D:10     | Found Gunwi's Vocational Training.
 10523 | D:10     | Found an ornate altar of the Wu Jian Council.
 10912 | D:11     | Noticed a two-headed ogre
 10917 | D:11     | Killed a two-headed ogre
 10975 | D:11     | Reached *** piety under Vehumet
 11112 | D:11     | You fall into a shaft and drop 1 floor!
 11195 | D:12     | Reached XP level 11. HP: 83/83 MP: 20/20
 11321 | D:11     | Noticed Nergalle
 11330 | D:11     | Killed Nergalle
 11412 | D:11     | Identified the +0 hand axe of Ointment {protect, rN+ Will+
                  | Stlth+}
 11511 | D:11     | Noticed Gastronok
 11519 | D:11     | Acquired a staff of fire
 11538 | D:11     | Reached skill level 7 in Conjurations
 11558 | D:11     | Killed Gastronok
 11737 | D:11     | Noticed a two-headed ogre
 11745 | D:11     | Killed a two-headed ogre
 12180 | Lair:1   | Entered Level 1 of the Lair of Beasts
 12198 | Lair:1   | Offered knowledge of Mephitic Cloud by Vehumet.
 12369 | Lair:1   | Found a frozen archway.
 12531 | Lair:1   | Noticed a boulder beetle
 12540 | Lair:1   | Killed a boulder beetle
 12541 | Lair:1   | Reached XP level 12. HP: 86/92 MP: 23/23
 12780 | Lair:1   | Found a runed translucent door.
 12785 | Lair:1   | Noticed wormed's ghost (journeyman DsFE)
 13127 | Lair:1   | Found a runed translucent door.
 13436 | Lair:2   | Found a staircase to the Snake Pit.
 13444 | Lair:2   | Reached skill level 8 in Conjurations
 13446 | Lair:2   | Noticed a seven-headed hydra
 13451 | Lair:2   | Killed a seven-headed hydra
 13641 | Lair:1   | Killed wormed's ghost
 13665 | Lair:1   | Identified the +1 robe of Osust {rPois rF+ Dex+6}
 13920 | Lair:2   | Reached skill level 5 in Shields
 14128 | Lair:2   | Identified the ring "Qimos" {Fly rElec Str+6 Slay+3}
 14391 | Lair:2   | Noticed a catoblepas
 14401 | Lair:2   | Killed a catoblepas
 14619 | Lair:2   | Found a staircase to the Shoals.
 15005 | Lair:3   | Noticed a catoblepas
 15006 | Lair:3   | Reached **** piety under Vehumet
 15017 | Lair:3   | Killed a catoblepas
 15026 | Lair:3   | Offered knowledge of Lee's Rapid Deconstruction by Vehumet.
 15027 | Lair:3   | Reached skill level 9 in Conjurations
 15027 | Lair:3   | Gained mutation: You may rarely emit foul miasma when
                  | damaged in melee. [demonic ancestry]
 15027 | Lair:3   | Reached XP level 13. HP: 91/100 MP: 25/25
 15795 | Lair:3   | Learned a level 5 spell: Lee's Rapid Deconstruction
 15909 | Lair:4   | Found a runed translucent gate.
 15909 | Lair:4   | Found a runed translucent gate.
 15909 | Lair:4   | Found a runed translucent gate.
 16161 | Lair:4   | Found a viscous altar of Jiyva.
 16533 | Lair:4   | Found a staircase to the Slime Pits.
 16833 | Lair:4   | Reached ***** piety under Vehumet
 16871 | Lair:4   | Noticed wormed's ghost (journeyman DsFE)
 17053 | Lair:4   | Offered knowledge of Iskenderun's Mystic Blast by Vehumet.
 17054 | Lair:4   | Reached skill level 10 in Stealth
 17061 | Lair:4   | Learned a level 4 spell: Iskenderun's Mystic Blast
 17248 | Lair:5   | Entered Level 5 of the Lair of Beasts
 17437 | Lair:5   | Reached skill level 10 in Conjurations
 17965 | Lair:5   | Reached skill level 10 in Fighting
 17965 | Lair:5   | Reached XP level 14. HP: 110/110 MP: 27/27
 18706 | Lair:5   | Noticed a ghost moth
 18708 | Lair:5   | a ghost moth changed into a six-headed hydra
 19393 | Lair:5   | Found a one-way gate to the infinite horrors of the Abyss.
 19394 | Lair:5   | Found a corrupted altar of Lugonu.
 19746 | D:12     | Reached skill level 10 in Fire Magic
 19953 | D:12     | Noticed Nessos
 19969 | D:12     | Killed Nessos
 20111 | D:12     | Offered knowledge of Fireball by Vehumet.
 20118 | D:12     | Learned a level 5 spell: Fireball
 20205 | D:12     | Noticed Sonja
 20207 | D:12     | Killed Sonja
 20409 | D:12     | Noticed Kirke
 20419 | D:12     | Killed Kirke
 20523 | D:12     | Found a staircase to the Orcish Mines.
 20674 | Orc:1    | Entered Level 1 of the Orcish Mines
 20679 | Orc:1    | Reached skill level 10 in Spellcasting
 20973 | Orc:2    | Entered Level 2 of the Orcish Mines
 20987 | Orc:2    | Found a staircase to the Elven Halls.
 20996 | Orc:2    | Reached skill level 10 in Dodging
 21822 | Orc:2    | Noticed an orc warlord
 21829 | Orc:2    | Killed an orc warlord
 22106 | Orc:2    | Reached skill level 11 in Conjurations
 22224 | Orc:2    | Found Urosmor's Antique Weapon Shop.
 22231 | Orc:2    | Found Ybohyoh's General Store.
 22233 | Orc:2    | Found Wumul's Book Shop.
 22244 | Orc:2    | Bought a book of Ice for 644 gold pieces
 22305 | Orc:2    | Found Tebobb's Antique Armour Shop.
 22311 | Orc:2    | Bought a twisted robe for 182 gold pieces
 22311 | Orc:2    | Identified the +0 robe of Supple Strength {Stlth+} (You
                  | bought it in a shop on level 2 of the Orcish Mines)
 23045 | Orc:1    | Learned a level 6 spell: Iron Shot
 23312 | D:13     | Identified the +2 pair of boots of Haunted Curiosity {rN+
                  | SInv}
 23371 | D:13     | Noticed Snorg
 23374 | D:13     | Killed Snorg
 23431 | D:13     | Offered knowledge of Starburst by Vehumet.
 23438 | D:13     | Gained mutation: You sometimes emit foul miasma when
                  | damaged in melee. [demonic ancestry]
 23438 | D:13     | Reached XP level 15. HP: 118/118 MP: 11/29
 23683 | Orc:2    | Bought a scroll of amnesia for 68 gold pieces
 23683 | Orc:2    | Bought a scroll of amnesia for 68 gold pieces
 23691 | Orc:2    | Learned a level 6 spell: Starburst
 24114 | D:13     | Found a gate to the Vaults.
 24993 | D:14     | Identified the +8 short sword of Causality {speed, rN+}
 25789 | D:15     | Entered Level 15 of the Dungeon
 25797 | D:15     | Reached skill level 1 in Earth Magic
 26157 | D:15     | Identified the +4 scale mail "Ruyqixt" {rN+ Int+4 Dex-4}
 27185 | D:15     | Found a staircase to the Depths.
 27477 | Snake:1  | Entered Level 1 of the Snake Pit
 27491 | Snake:1  | Reached skill level 5 in Earth Magic
 27605 | Snake:1  | You are sucked into a shaft and drop 1 floor!
 28468 | Snake:1  | Offered knowledge of Eringya's Noxious Bog by Vehumet.
 28487 | Snake:1  | Gained mutation: You regenerate health from kills. [demonic
                  | ancestry]
 28487 | Snake:1  | Reached XP level 16. HP: 92/129 MP: 3/31
 29733 | Snake:2  | Found Zoophyuts's Magic Scroll Emporium.
 29737 | Snake:2  | Bought a scroll of acquirement for 780 gold pieces
 29737 | Snake:2  | Acquired 1345 gold pieces
 30258 | Snake:2  | Learned a level 8 spell: Ignition
 30498 | Snake:3  | Noticed Mlioglotl
 30602 | Snake:3  | Identified Roxanne's Encyclopedia of the Figure
 30602 | Snake:3  | Noticed Roxanne
 30608 | Snake:3  | Killed Roxanne
 31106 | Snake:3  | Killed Mlioglotl
 31300 | Orc:2    | Bought the +2 pair of slick slippers {slick, slippery,
                  | EV+5} for 1360 gold pieces
 31300 | Orc:2    | Found the +2 pair of slick slippers {slick, slippery, EV+5}
 31979 | Snake:4  | Entered Level 4 of the Snake Pit
 32078 | Snake:4  | Reached skill level 10 in Earth Magic
 32389 | Snake:4  | Offered knowledge of Conjure Ball Lightning by Vehumet.
 33962 | Snake:4  | Found Aqoam's Jewellery Shop.
 33969 | Snake:4  | Bought the ring "Zogossuy" {rC+ rN+ EV+5} for 758 gold
                  | pieces
 34004 | Snake:4  | Gained mutation: You are completely covered in large bone
                  | plates. (SH +8) [demonic ancestry]
 34004 | Snake:4  | Reached XP level 17. HP: 139/139 MP: 32/32
 34032 | Snake:4  | Identified the +8 mace of the Apocalypse {venom, rCorr
                  | Str+2}
 34624 | Snake:4  | Got a serpentine rune of Zot
 35238 | Shoals:1 | Entered Level 1 of the Shoals
 35702 | Shoals:1 | Reached skill level 12 in Conjurations
 35862 | Shoals:1 | You fall into a shaft and drop 1 floor!
 35862 | Shoals:2 | Found Duamonku's Antique Armour Shoppe.
 36320 | Shoals:1 | Found Tugamu's Jewellery Shop.
 36752 | Shoals:2 | Identified the +10 hand axe of Doom {venom, Dex+3}
 36807 | Shoals:2 | Identified the +0 dagger "Betwueqe" {pain, rN++ Str-5
                  | Dex+5}
 37343 | Shoals:2 | Offered knowledge of Orb of Destruction by Vehumet.
 37620 | Shoals:3 | Noticed Donald
 37620 | Shoals:3 | Found Foilouqu's Weapon Shop.
 37621 | Shoals:3 | Noticed a kraken
 37850 | Shoals:3 | Killed Donald
 37993 | Shoals:3 | Noticed Polyphemus
 37998 | Shoals:3 | Killed Polyphemus
 38052 | Shoals:3 | Noticed a kraken
 38055 | Shoals:3 | Killed a kraken
 38237 | Shoals:3 | Noticed a kraken
 38362 | Shoals:3 | Killed a kraken
 38513 | Shoals:3 | Killed a kraken
 39331 | Shoals:4 | Entered Level 4 of the Shoals
 39333 | Shoals:4 | Reached XP level 18. HP: 146/146 MP: 33/33
 39334 | Shoals:4 | Reached skill level 13 in Conjurations
 39412 | Shoals:4 | Offered knowledge of Lehudib's Crystal Spear by Vehumet.
 40214 | Shoals:3 | Found a runed translucent door.
 42325 | Shoals:4 | Reached skill level 14 in Conjurations
 43124 | Shoals:4 | Got a barnacled rune of Zot
 43948 | D:12     | Noticed Psyche
 43951 | D:12     | Killed Psyche
 43991 | Vaults:1 | Entered Level 1 of the Vaults
 44701 | Vaults:1 | Found Uru Naco's Jewellery Boutique.
 44729 | Vaults:1 | Reached ****** piety under Vehumet
 44730 | Vaults:1 | Gained mutation: Your magical and physical power is
                  | slightly enhanced at high health. [demonic ancestry]
 44730 | Vaults:1 | Reached XP level 19. HP: 152/152 MP: 33/35
 45792 | Vaults:1 | Learned a level 8 spell: Maxwell's Capacitive Coupling
 46312 | Vaults:1 | Offered knowledge of Fire Storm by Vehumet.
 46312 | Vaults:1 | Offered knowledge of Shatter by Vehumet.
 46312 | Vaults:1 | Offered knowledge of Chain Lightning by Vehumet.
 46586 | Vaults:2 | Reached skill level 15 in Conjurations
 46790 | Vaults:2 | Found a staircase to the Crypt.
 46897 | Vaults:2 | Identified the +0 hand axe of the Lumpy Visions {freeze,
                  | Str+5 Stlth+}
 47801 | Vaults:2 | Learned a level 9 spell: Fire Storm
 47813 | Vaults:2 | Learned a level 9 spell: Chain Lightning
 47828 | Vaults:2 | You fall into a shaft and drop 2 floors!
 48271 | Vaults:4 | Identified the +5 spear "Akoet" {antimagic, rC+ Int+3}
 48502 | Vaults:3 | Reached XP level 20. HP: 127/159 MP: 37/37
 48699 | Vaults:3 | Reached skill level 16 in Conjurations
 52031 | Elf:1    | Entered Level 1 of the Elven Halls
 52540 | Abyss:2  | Cast into level 2 of the Abyss (a deep elf sorcerer)
 52541 | Abyss:2  | Found a corrupted altar of Lugonu.
 52660 | Abyss:2  | Noticed a bone dragon
 52663 | Abyss:2  | Killed a bone dragon
 52767 | Abyss:2  | Noticed a bone dragon
 52773 | Abyss:2  | Killed a bone dragon
 52811 | Elf:1    | Escaped the Abyss
 53104 | Elf:1    | Found Soiphul's Weapon Boutique.
 53279 | Elf:1    | Found a runed translucent door.
 53299 | Elf:1    | Found a shimmering blue altar of Sif Muna.
 53326 | Elf:1    | Found a runed translucent door.
 53326 | Elf:1    | Noticed Hynwimna's ghost (veteran MiGl)
 53337 | Elf:1    | Gained mutation: Your magical and physical power is
                  | enhanced at high health. [demonic ancestry]
 53337 | Elf:1    | Reached XP level 21. HP: 165/165 MP: 39/39
 53746 | Elf:1    | Found a portal to a secret trove of treasure.
 54223 | Elf:2    | Reached skill level 17 in Conjurations
 55063 | Elf:2    | Found a runed translucent gate.
 55064 | Elf:2    | Found a runed translucent gate.
 55101 | Elf:2    | Found a runed translucent gate.
 55877 | Elf:3    | Entered Level 3 of the Elven Halls
 56184 | Elf:3    | Found Dief's General Store.
 56192 | Elf:3    | Reached skill level 15 in Stealth
 56303 | Elf:3    | Found Ywireukh's Armour Boutique.
 56451 | Elf:3    | Found Ceutufih's Assorted Antiques.
 56491 | Elf:3    | Identified the +2 halberd of Cemnafac {heavy, rN+ SInv}
 56530 | Elf:3    | Noticed Aizul
 56537 | Elf:3    | Killed Aizul
 57131 | Elf:3    | Identified the ring of Budghiph {rN+ Str+6 Int+3}
 57754 | Elf:3    | Got Lehudib's Book of Arcane Combat
 57769 | Elf:3    | Got the Catalogue of the Land of Plenty
 58032 | Slime:1  | Entered Level 1 of the Pits of Slime
 58227 | Slime:2  | Gained mutation: You are weak. (Str -2) [a shining eye]
 58919 | Slime:1  | Reached XP level 22. HP: 172/172 MP: 40/40
 59221 | Slime:3  | Noticed Dissolution
 59224 | Slime:3  | Killed Dissolution
 59675 | Slime:4  | Reached skill level 15 in Dodging
 59686 | Slime:4  | Reached skill level 15 in Fire Magic
 60091 | Slime:5  | Entered Level 5 of the Pits of Slime
 60094 | Slime:5  | Reached skill level 15 in Earth Magic
 60197 | Slime:5  | Reached skill level 15 in Spellcasting
 60366 | Slime:5  | Noticed the Royal Jelly
 60373 | Slime:5  | Killed the Royal Jelly
 60374 | Slime:5  | Reached skill level 18 in Conjurations
 60853 | Slime:5  | Got a slimy rune of Zot
 60934 | Slime:5  | Identified the +7 glaive of Cuamoell {freeze, rElec rPois
                  | Stlth+}
 60955 | Slime:5  | Identified the +6 shortbow of Ugasol {antimagic, rF+ Dex+2}
 60987 | Slime:5  | Identified the +5 hand axe "Backscratcher" {freeze, rPois
                  | Will+ Int+4 Dex+3}
 61343 | Slime:5  | Acquired the +2 pair of gloves of Juashet {rElec rN+
                  | Slay-3}
 61687 | Elf:1    | You showed the slimy rune of Zot to enter a treasure trove
 61688 | Trove    | Entered a treasure trove
 61699 | Trove    | Identified the +2 pair of gloves of the Chupacabra {rElec
                  | rN++}
 61701 | Trove    | Identified the +0 pair of gloves "Bijaig" {Int+4}
 61709 | Trove    | Identified the +2 cloak "Ebucsi" {Int+9 Dex-3 Slay+6
                  | Stlth-}
 62100 | Vaults:5 | Entered Level 5 of the Vaults
 62145 | Vaults:5 | Identified the +8 glaive of the Well-Known Hosts {drain,
                  | *Corrode rPois rC+}
 62231 | Vaults:5 | Gained mutation: You frequently emit foul miasma when
                  | damaged in melee. [demonic ancestry]
 62231 | Vaults:5 | Reached XP level 23. HP: 175/178 MP: 42/42
 62241 | Vaults:5 | Identified the amulet of Moodiness {Fragile Fly Regen+
                  | Int+6}
 62495 | Vaults:5 | Identified the ring of Xetan {rElec rF+ MP+9}
 62495 | Vaults:5 | Identified the ring "Guept" {rN+ Dex+5}
 63023 | Vaults:5 | Got the Quarto of Underground Angles
 63077 | Vaults:5 | Identified the ring of Deud Jihum {rPois rC+ Str+6}
 63194 | Vaults:5 | Found Fuynelarph's Magic Scroll Shop.
 63201 | Vaults:5 | Identified the +6 scale mail of the Orb Guardian {-Cast
                  | Str+4}
 63207 | Vaults:5 | Bought a scroll of teleportation for 51 gold pieces
 63207 | Vaults:5 | Bought a scroll of teleportation for 51 gold pieces
 63207 | Vaults:5 | Bought a scroll of teleportation for 51 gold pieces
 63207 | Vaults:5 | Bought 3 scrolls of butterflies for 204 gold pieces
 63210 | Vaults:5 | Identified the +1 robe of the Guardian {rElec Str+3}
 63280 | Vaults:5 | Got a silver rune of Zot
 63304 | Vaults:5 | Noticed an ancient lich
 63306 | Vaults:5 | Killed an ancient lich
 63416 | Vaults:5 | Noticed Saint Roka
 63420 | Vaults:5 | Killed Saint Roka
 64417 | Crypt:1  | Entered Level 1 of the Crypt
 65698 | Crypt:2  | Identified the ring "Igial" {Ice Str+7 Int-4}
 65698 | Crypt:2  | Noticed Josephina
 65703 | Crypt:2  | Killed Josephina
 65704 | Crypt:2  | Reached skill level 19 in Conjurations
 67046 | Crypt:3  | Entered Level 3 of the Crypt
 67048 | Crypt:3  | Gained mutation: You regenerate a lot of health from kills.
                  | [demonic ancestry]
 67048 | Crypt:3  | Reached XP level 24. HP: 185/185 MP: 43/43
 67049 | Crypt:3  | Noticed Frederick
 67053 | Crypt:3  | Killed Frederick
 67259 | Crypt:3  | Found a staircase to the Tomb.
 67485 | Crypt:3  | Noticed Mennas
 67492 | Crypt:3  | Killed Mennas
 67852 | Crypt:3  | Noticed a royal mummy
 67855 | Crypt:3  | Killed a royal mummy
 69074 | Crypt:3  | Identified the ring of Xiakk {rElec rN+ Will+ Str+2}
 69074 | Crypt:3  | Identified the ring "Ahoif" {rPois rN+ Will+ Stlth+}
 69437 | Depths:1 | Entered Level 1 of the Depths
 69485 | Depths:1 | Found a one-way gateway to a ziggurat.
 69745 | Depths:1 | Identified the +7 quarterstaff of Arrival {freeze, Int+6
                  | Dex+5}
 71030 | Depths:1 | Found a gateway to Hell.
 71419 | Depths:2 | Reached skill level 1 in Air Magic
 71845 | Depths:2 | Found Xuckugy's Jewellery Shoppe.
 71882 | Depths:2 | Found Umam's Book Boutique.
 72135 | Depths:2 | Reached skill level 5 in Air Magic
 72187 | Depths:2 | Found Gozag's Antique Armour Shop.
 72191 | Depths:2 | Found an opulent altar of Gozag.
 72197 | Depths:2 | Found Gozag's Antique Weapon Boutique.
 72228 | Depths:2 | Found Gozag's Antique Weapon Shop.
 72356 | Depths:2 | Found a runed translucent door.
 72357 | Depths:2 | Found a shimmering altar of Xom.
 72357 | Depths:2 | Noticed Roplacol's ghost (master GrFi)
 72389 | Depths:2 | Killed Roplacol's ghost
 72594 | Depths:2 | Found a radiant altar of Vehumet.
 72757 | Depths:2 | Found a one-way gate leading to the halls of Pandemonium.
 72897 | Depths:2 | Found Hipykhoxka's Distillery.
 72900 | Depths:2 | Bought a potion of curing for 57 gold pieces
 73133 | Orc:2    | Bought a potion of magic for 136 gold pieces
 73226 | Elf:3    | Bought a potion of magic for 120 gold pieces
 73703 | Depths:3 | Reached XP level 25. HP: 191/191 MP: 44/44
 74105 | Depths:3 | Found a transporter.
 74124 | Depths:3 | Found a corrupted altar of Lugonu.
 74179 | Depths:3 | Identified the +1 cloak "Neagu" {Dex+3}
 74371 | Depths:3 | Found a shimmering blue altar of Sif Muna.
 74462 | Depths:4 | Entered Level 4 of the Depths
 74540 | Depths:4 | Noticed Boris
 74542 | Depths:4 | Killed Boris
 75380 | Depths:4 | Reached skill level 10 in Air Magic
 75951 | Depths:4 | Found a gate to the Realm of Zot.
 76143 | Zot:1    | Entered Level 1 of the Realm of Zot
 76149 | Zot:1    | Found a sacrificial altar of Ru.
 76610 | Zot:1    | Found Zemakir's CLEARANCE SALE!.
 76793 | Zot:1    | Noticed a Killer Klown
 76796 | Zot:1    | Killed a Killer Klown
 76799 | Zot:1    | Noticed a Killer Klown
 76806 | Zot:1    | Killed a Killer Klown
 76975 | Zot:1    | Noticed a Killer Klown
 76985 | Zot:1    | Killed a Killer Klown
 77027 | Zot:1    | Noticed an orb of fire
 77028 | Zot:1    | Gained mutation: Your magical capacity is low. (-10% MP)
                  | [an orb of fire]
 77032 | Zot:1    | Killed an orb of fire
 78482 | Zot:2    | Reached skill level 15 in Air Magic
 79015 | Zot:3    | Reached XP level 26. HP: 170/198 MP: 7/39
 80512 | Zot:4    | Reached skill level 20 in Conjurations
 81937 | Zot:5    | Entered Level 5 of the Realm of Zot
 81959 | Zot:5    | Reached skill level 21 in Conjurations
 82874 | Zot:5    | Noticed a dread lich
 82876 | Zot:5    | Killed a dread lich
 82986 | Zot:5    | Noticed an orb of fire
 82990 | Zot:5    | Killed an orb of fire
 82997 | Zot:5    | Noticed a dread lich
 83005 | Zot:5    | Killed a dread lich
 83006 | Zot:5    | Reached skill level 22 in Conjurations
 83134 | Zot:5    | Noticed an orb of fire
 83138 | Zot:5    | Killed an orb of fire
 83235 | Zot:5    | Noticed an orb of fire
 83238 | Zot:5    | Killed an orb of fire
 83244 | Zot:5    | Noticed a dread lich
 83247 | Zot:5    | Killed a dread lich
 83553 | Zot:5    | Reached skill level 23 in Conjurations
 83578 | Zot:5    | Noticed an orb of fire
 83589 | Zot:5    | Noticed a dread lich
 83591 | Zot:5    | Killed a dread lich
 83592 | Zot:5    | Gained mutation: Your magical and physical power is greatly
                  | enhanced at high health. [demonic ancestry]
 83592 | Zot:5    | Reached XP level 27. HP: 204/204 MP: 30/39
 83601 | Zot:5    | Killed an orb of fire
 83640 | Zot:5    | Noticed an orb of fire
 83642 | Zot:5    | Gained mutation: Armour fits poorly on your strangely
                  | shaped body. [an orb of fire]
 83643 | Zot:5    | Killed an orb of fire
 83653 | Zot:5    | Noticed an ancient lich
 83667 | Zot:5    | Killed an ancient lich
 83803 | Zot:5    | Noticed an orb of fire
 83806 | Zot:5    | Killed an orb of fire
 83823 | Zot:5    | Noticed a dread lich
 83828 | Zot:5    | Killed a dread lich
 83829 | Zot:5    | Reached skill level 24 in Conjurations
 84130 | Zot:5    | Noticed an ancient lich
 84132 | Zot:5    | Killed an ancient lich
 84137 | Zot:5    | Noticed an orb of fire
 84140 | Zot:5    | Killed an orb of fire
 84173 | Zot:5    | Noticed an ancient lich
 84178 | Zot:5    | Killed an ancient lich
 84233 | Zot:5    | Noticed an orb of fire
 84237 | Zot:5    | Killed an orb of fire
 84496 | Zot:5    | Learned a level 8 spell: Necromutation
 84496 | Zot:5    | Acquired Ahuxtul's Volume of Cloudy Impulse
 84850 | D:9      | Killed bande's ghost
 85029 | Lair:4   | Reached skill level 1 in Necromancy
 85033 | Lair:4   | Killed wormed's ghost
 85034 | Lair:4   | Reached skill level 1 in Transmutations
 85343 | Elf:1    | Killed Hynwimna's ghost
 86124 | Depths:3 | Identified the +1 robe of Gestures {Str+2 Dex-3 Slay+5}
 86162 | Depths:3 | Found a transporter.
 86226 | Depths:3 | Voluntarily entered the Abyss.
 86472 | Abyss:3  | Reached skill level 5 in Necromancy
 86619 | Abyss:4  | Found a corrupted altar of Lugonu.
 86726 | Abyss:4  | Gained mutation: You occasionally lose the ability to read
                  | scrolls when taking damage. [a neqoxec]
 86729 | Abyss:4  | Reached skill level 5 in Transmutations
 86888 | Abyss:4  | Got an abyssal rune of Zot
 86898 | Depths:3 | Escaped the Abyss
 86990 | Hell     | Entered the Vestibule of Hell
 87006 | Hell     | Noticed Geryon
 87021 | Hell     | Killed Geryon
 87337 | Hell     | Found a gateway to the decaying netherworld of Tartarus.
 87442 | Hell     | Found a gateway to the freezing wastes of Cocytus.
 87511 | Hell     | Found a gateway to the Iron City of Dis.
 87808 | Hell     | Found a gateway to the ashen valley of Gehenna.
 87861 | Hell     | Learned a level 8 spell: Lehudib's Crystal Spear
 87866 | Hell     | Learned a level 2 spell: Blink
 87898 | Tar:1    | Entered Level 1 of Tartarus
 89165 | Tar:2    | Reached skill level 10 in Necromancy
 89858 | Tar:4    | You are sucked into a shaft and drop 2 floors!
 89934 | Tar:6    | Noticed a dread lich
 89945 | Tar:6    | Noticed an ancient lich
 89955 | Tar:6    | HP: 8/188 [bone dragon[a doom hound] (2)]
 89956 | Tar:6    | Slain by a bone dragon

Illustrated notes

Levels and vault maps discovered:
D:1:      psy_arrival_dodecagon, layout_rooms,
          hellmonk_ecumenical_altar_heavens_door, chequers_serial_rivers_marsh,
          minivault_4, minmay_misc_feat_tiny, minmay_misc_feat_iff
D:2:      layout_rooms, basic_altar, grunt_ministairs_15
D:3:      layout_loops_ring, nicolae_yredelemnul_corpse_copse
D:4:      layout_layer_cave, lemuel_mausoleum_altar_kikubaaqudgha, serial_shops,
          nicolae_shop_stone
D:5:      layout_cave_pools, minmay_temple_entry_statues, grunt_ministairs_11,
          uniq_duvessa, uniq_ijyb
D:6:      layout_rooms, overflow_temple_1_default,
          nicolae_overflow_hidden_temple, nicolae_uskayaw_dance_hall,
          minmay_fractal_squares_diagonal_5, uniq_menkaure
D:7:      layout_cave_pools, grunt_qazlal_sundering, serial_rivers,
          chequers_serial_rivers_room_b, chequers_serial_rivers_micro_d,
          chequers_serial_rivers_marsh, chequers_serial_rivers_room_b
D:8:      layout_cave_pools, okawaru_gym_becter
D:9:      layout_cave_pools, minmay_overflow_temple_star_hex, ebering_ghost_xom,
          serial_shops, shop
D:10:     layout_basic, nzn_wu_jian_council_hall, lair_entry_dummy,
          nicolae_shop_vocational
D:11:     minmay_recursive_quarters, layout_loops_ring, uniq_nergalle,
          uniq_gastronok
D:12:     layout_loops_corners, orc_0_dummy, uniq_nessos, uniq_sonja,
          uniq_kirke, uniq_psyche
D:13:     layout_cave_pools, erik_vaults_2, uniq_snorg
D:14:     layout_stronghold, minivault_25
D:15:     hangedman_depths_entry_try_elsewhere_first, layout_gridville
Temple:   nicolae_temple_bog_church
Lair:1:   layout_cave_pods, portal_ice_cave_entry_pillars_2,
          ebering_ghost_reflecting_pool, serial_rivers,
          chequers_serial_rivers_small_a, chequers_serial_rivers_small_b,
          chequers_serial_rivers_small_3, chequers_serial_rivers_micro_c,
          chequers_serial_rivers_micro_b, chequers_serial_rivers_small_3,
          nicolae_lair_grove_arrangements, serial_bayou_pond_b,
          pdpol_lair_cabin_in_the_woods
Lair:2:   layout_cave_pods, minmay_shoals_entry_lonely_mermaid,
          guppyfry_snake_entry_island, nicolae_lair_run_with_the_wolves
Lair:3:   layout_regular_city, grunt_megastairs_4
Lair:4:   onia_ninara_swampy_vault, layout_regular_city, slime_entry_1,
          gammafunk_ghost_icy, eino_small_chamber_without_monster,
          chequers_serial_rivers_marsh, lemuel_fruit_fields
Lair:5:   hellmonk_lair_end_abyssal_woods, layout_gridlike, nzn_sisyphean_effort
Shoals:1: layout_shoals, serial_shops, nicolae_shop_advertising_works
          [nicolae_subvault_shop_adworks], nicolae_shoals_hidden_pirate_stash
Shoals:2: layout_shoals, serial_shops, nicolae_stop_n_shop_1
Shoals:3: nicolae_shoals_lighthouse, layout_shoals, serial_shops,
          nicolae_stop_n_shop_2, uniq_polyphemus, uniq_donald
Shoals:4: shoals_end_grunt_ice, layout_shoals, nicolae_shoals_kraken_party
Snake:1:  layout_gridlike, serial_bayou_crossing
Snake:2:  layout_misc_corridors, minmay_shop_star
Snake:3:  layout_onion, uniq_mlioglotl, uniq_roxanne
Snake:4:  johnstein_snake_rune_scales, layout_gridlike, serial_shops, shop,
          nicolae_triple_integral
Slime:1:  layout_caves
Slime:2:  layout_caves
Slime:3:  layout_caves, dissolution_awaits
Slime:4:  layout_caves, nicolae_slime_round_cave
Slime:5
Orc:1:    layout_caves
Orc:2:    grunt_orc_cross, layout_caves
Elf:1:    minmay_elf_arrival_summoners, layout_loops_corners,
          ebering_ghost_inner_flame, basic_altar, serial_shops,
          nicolae_lakefront_shop, enter_trove_3,
          hangedman_elven_crosses_minicolossus, nicolae_danse_macabre
Elf:2:    nicolae_elf_blades_splatter_lattice [mumra_blade_entry_bloodbath],
          layout_geoelf_diagonals, serial_sigils, serial_sigils_hangedman_leer,
          serial_sigils_hangedman_gut, serial_sigils_hangedman_etch,
          serial_sigils_hangedman_gut, serial_sigils_hangedman_scratch,
          grunt_ministairs_8, lemuel_elevator
Elf:3:    elf_hall_gauntlet_wide, layout_loops_ring, serial_shops,
          nicolae_shop_stone, shop, nicolae_shop_hallway_plus, minivault_5,
          sword_in_stone, uniq_aizul
Vaults:1: vaults_room_door_hall, v_misc_8, hangedman_vaults_maws, v_misc_11,
          nicolae_vaults_big_ls, nicolae_vaults_specimen_jars,
          hangedman_vaults_slice, ontoclasm_vaults_chip,
          vaults_dpeg_emergency_exit, layout_vaults_omnigrid, serial_shops,
          nicolae_shop_behind_doors
Vaults:2: hangedman_vaults_slither, v_alt_pattern_5, v_misc_2,
          minmay_crypt_entry_simple_sparse, dpeg_vaults_monster_box,
          vaults_room_fours, nicolae_vaults_back_hallway,
          nicolae_vaults_little_ls, ontoclasm_vaults_twist,
          ontoclasm_vaults_ring_small, ontoclasm_vaults_chip,
          layout_vaults_maze_snakey
Vaults:3: vaults_dpeg_encased_lava, vaults_room_octagon, vaults_mumra_hex,
          vaults_room_grid, ontoclasm_vaults_ligature, vaults_room_fancy_cross,
          v_rooms_4, nicolae_vaults_border_crossing, ontoclasm_vaults_shout,
          grunt_vaults_twisty, v_misc_2, vaults_room_semicircle,
          grunt_vaults_funnel, v_alt_pattern_1, layout_vaults_omnicross
Vaults:4: vaults_room_fours, v_misc_15, v_misc_9, ontoclasm_vaults_pinch,
          ontoclasm_vaults_gateway, nicolae_vaults_circle_grid_b,
          hangedman_vaults_trim, grunt_vaults_hallway_short,
          layout_vaults_big_room
Vaults:5: uniq_saint_roka
Crypt:1:  dreamdust_cat_pyramid, layout_regular_city, grunt_crypt_arrival_split
Crypt:2:  layout_chaotic_city, minivault_4, roderic_lattice_octagonal_star,
          uniq_josephina
Crypt:3:  due_elkab, layout_chaotic_city, tomb_entry_forgotten_bobbens,
          uniq_frederick, uniq_mennas
Depths:1: layout_gridlike, ziggurat_fallback, dk_noncrumbling_3,
          grunt_hell_entry_dis_old, minmay_serpent_palace
Depths:2: kennysheep_gozag_temple, layout_long_grid, grunt_pan_entry_zigzag,
          hell_entry, ebering_ghost_xom, serial_shops, nicolae_shop_stone,
          nicolae_shop_behind_doors, shop_statue, nicolae_vehumet_altar_sigil,
          serial_bayou_shore_a
Depths:3: gammafunk_sealed_library, layout_gridlike, abyss_entry_flame_altar,
          hangedman_coc_ice_floe, minmay_holes, infiniplex_staircase_trident
Depths:4: grunt_zot_entry_pinwheel, layout_gridlike, hell_entry,
          grunt_megastairs_2, uniq_boris
Hell
Tar:1:    layout_cathedral_of_symmetry
Tar:2:    layout_grid_maze, nicolae_tar_windowcombs
Tar:3:    layout_grid_maze
Tar:4:    layout_honeycomb
Tar:6:    layout_honeycomb, nicolae_tar_cuneiform_bird,
          nicolae_tar_four_comb_rooms
Zot:1:    grunt_zot_stairs_mandelzot, layout_misc_corridors, basic_altar,
          nicolae_shop_clearance
Zot:2:    layout_concentric_octagons
Zot:3:    kennysheep_ambush_hall, layout_twisted_circle
Zot:4:    layout_basic, grunt_megastairs_1
Zot:5:    layout_twisted_circle

Skill      XL: |  1  2  3  4  5  6  7  8  9 10 11 12 13 14 15 16 17 18 19 20 21 22 23 24 25 26 27 |
---------------+----------------------------------------------------------------------------------+-----
Stealth        | 2 3 4 5 6 7 8 9 10 11 12 13 14 15 16 17 | 17.0
Dodging        | 2 3 4 5 6 7 8 9 10 11 12 13 14 15 16 17 | 17.0
Fighting       | 1 2 3 4 5 6 7 8 10 11 12 14 | 14.0
Fire Magic     | 3 4 5 6 7 8 9 10 11 12 13 14 15 16 17 | 17.0
Conjurations   | 2 3 4 5 6 7 9 10 11 12 14 15 16 17 18 19 23 24 | 24.7
Spellcasting   | 3 4 5 6 7 8 9 10 11 12 13 14 15 16 17 | 17.0
Shields        | 2 4 5 |  5.0
Earth Magic    | 7 11 12 13 14 15 16 17 | 17.0
Air Magic      | 7 15 17 | 17.0
Necromancy     | 11 | 11.5
Transmutations | 9 |  9.7

Action                   |  1- 3 |  4- 6 |  7- 9 | 10-12 | 13-15 | 16-18 | 19-21 | 22-24 | 25-27 || total
-------------------------+-------+-------+-------+-------+-------+-------+-------+-------+-------++-------
Melee: Unarmed           |     4 |       |       |       |       |       |       |       |       ||     4
       Dagger            |    26 |    59 |    12 |       |       |       |       |       |       ||    97
       Tailslap          |       |       |     1 |       |     1 |     9 |     2 |     3 |     4 ||    20
       Staff             |       |       |       |     1 |    13 |    31 |    15 |     4 |    16 ||    80
Throw: Throwing net      |       |       |       |     1 |       |       |       |       |     3 ||     4
       Javelin           |       |       |       |       |       |       |       |       |    10 ||    10
 Cast: Foxfire           |    35 |    26 |    95 |   124 |   188 |       |       |       |       ||   468
       Scorch            |    11 |    70 |    40 |    86 |   169 |       |       |       |       ||   376
       Inner Flame       |       |     1 |    69 |   108 |   138 |       |       |       |       ||   316
       Flame Wave        |       |       |       |     3 |    15 |       |       |       |       ||    18
       Iskenderun's Myst |       |       |       |       |    11 |       |       |       |       ||    11
       Fireball          |       |       |       |       |   222 |   370 |    66 |    22 |       ||   680
       Iron Shot         |       |       |       |       |    79 |   312 |   458 |   227 |    28 ||  1104
       Lee's Rapid Decon |       |       |       |       |       |     6 |       |       |       ||     6
       Starburst         |       |       |       |       |       |     3 |       |       |       ||     3
       Ignition          |       |       |       |       |       |     8 |    48 |    33 |     3 ||    92
       Fire Storm        |       |       |       |       |       |       |     4 |   197 |   208 ||   409
       Chain Lightning   |       |       |       |       |       |       |       |       |   223 ||   223
       Lehudib's Crystal |       |       |       |       |       |       |       |       |     1 ||     1
Evoke: Wand              |       |       |       |     3 |    10 |       |       |       |       ||    13
  Use: Scroll            |     3 |     3 |    10 |     4 |    15 |     9 |     5 |     2 |     5 ||    56
       Potion            |       |     2 |       |       |     3 |     2 |       |     6 |     5 ||    18
 Stab: Distracted        |       |       |       |       |       |     1 |       |       |       ||     1
Armor: Robe              |    19 |       |       |       |       |       |       |    10 |    65 ||    94
       Leather armour    |     4 |    37 |     7 |     1 |       |       |       |       |       ||    49
       Troll leather arm |       |       |       |     5 |    18 |    30 |    21 |     1 |       ||    75
Dodge: Dodged            |    47 |    46 |    25 |    21 |    87 |   156 |    94 |    84 |   256 ||   816
Block: Other             |     2 |       |       |       |       |       |       |       |       ||     2
       Orb               |     1 |    14 |    32 |       |       |       |       |       |       ||    47
       Reflection        |       |       |     6 |    13 |    16 |    78 |    35 |    11 |       ||   159
       Buckler           |       |       |     1 |    38 |   185 |   249 |   117 |    53 |   133 ||   776

Table legend: (Time is in decaauts)
 A = Elapsed time spent in this place.
 B = Non-inter-level travel time spent in this place.
 C = Inter-level travel time spent in this place.
 D = Time resting spent in this place.
 E = Time spent auto-exploring this place.
 F = Levels seen in this place.
 G = Mean time per level.
                   A        B        C        D        E       F      G
               +--------+--------+--------+--------+--------+-----+--------+
         Total |  94456 |  85621 |   8835 |    882 |  72683 |  67 | 1409.8 |
       Dungeon |  19758 |  17186 |   2572 |    146 |  14609 |  15 | 1317.2 |
        Temple |    103 |     64 |     39 |      0 |     53 |   1 |  103.0 |
          Lair |   8952 |   7931 |   1021 |      0 |   6672 |   5 | 1790.4 |
        Shoals |   9153 |   8405 |    748 |     25 |   7207 |   4 | 2288.2 |
     Snake Pit |   7710 |   7413 |    297 |    124 |   6325 |   4 | 1927.5 |
    Slime Pits |   3594 |   3223 |    371 |    274 |   2510 |   5 |  718.8 |
  Orcish Mines |   3088 |   2451 |    637 |      0 |   2139 |   2 | 1544.0 |
   Elven Halls |   6658 |   5785 |    873 |     37 |   4852 |   3 | 2219.3 |
        Vaults |  10671 |   9895 |    776 |    130 |   8539 |   5 | 2134.2 |
         Crypt |   5011 |   4865 |    146 |      0 |   4148 |   3 | 1670.3 |
        Depths |   7647 |   6796 |    851 |    107 |   5929 |   4 | 1911.8 |
          Hell |    912 |    837 |     75 |      0 |    684 |   1 |  912.0 |
      Tartarus |   1399 |   1320 |     79 |     39 |   1014 |   5 |  279.8 |
           Zot |   8676 |   8331 |    345 |      0 |   7379 |   5 | 1735.2 |
         Abyss |    988 |    988 |      0 |      0 |    559 |   4 |  247.0 |
         Trove |    128 |    128 |      0 |      0 |     56 |   1 |  128.0 |
               +--------+--------+--------+--------+--------+-----+--------+

Top non-repeatable levels by time:
 Snake:4: 3263 daAuts
Shoals:3: 3077 daAuts
Vaults:1: 2941 daAuts
   Elf:1: 2715 daAuts
  Lair:5: 2409 daAuts
   Zot:5: 2327 daAuts
Depths:1: 2276 daAuts
   Orc:2: 2275 daAuts
 Crypt:3: 2203 daAuts
Shoals:4: 2202 daAuts
Vaults:3: 2169 daAuts
Vaults:2: 2161 daAuts
   Elf:3: 2145 daAuts
   Zot:4: 2105 daAuts
     D:4: 2051 daAuts
